[Event "GER-ch Youth U12 2019"]
[Site "Willingen"]
[Date "2019.06.09"]
[Round "1.2"]
[White "Phan Trong, Dai"]
[Black "Deuer, Marius"]
[Result "0-1"]
[ECO "A22"]
[WhiteElo "1657"]
[BlackElo "1961"]
[Annotator "NA"]
[PlyCount "78"]
[EventDate "2019.06.07"]
[EventType "swiss"]
[EventRounds "9"]
[EventCountry "GER"]
[SourceTitle "playchess.com"]
[Source "ChessBase"]
[SourceQuality "1"]
[TimeControl "40/4500+30:900+30"]

1. c4 e5 2. Nc3 Nf6 3. g3 c6 4. Bg2 d5 5. cxd5 cxd5 6. d3 d4 7. Ne4 Nxe4 8. Bxe4 Nc6 9. Bd2 Be7 10. Bg2 Be6 11. Nf3 O-O 12. O-O h6 13. a3 Qd6 14. b4 b5 15. Qc2 Rfc8 16. Qb2 Bf6 17. Rac1 Rc7 18. Rc5 a6 19. Rfc1 Rac8 20. Ne1 Ne7 21. Rxc7 Rxc7 22. Rxc7 Qxc7 23. Qc2 Qb6 24. e4 Nc6 25. f4 Be7 26. Nf3 f6 27. Qb2 Kh7 28. Kf2 Bd6 29. h3 Qc7 30. Qc1 exf4 31. gxf4 Qd7 32. Qc2 g5 33. fxg5 hxg5 34. Bxg5 fxg5 35. Nxg5+ Kg6 36. Nxe6 Qxe6 37. Qe2 Qf6+ 38. Ke1 Bg3+ 39. Kd1 Ne5 {[%emt 0:00:23] normal} 0-1

[Event "GER-ch Youth U12 2019"]
[Site "Willingen"]
[Date "2019.06.09"]
[Round "1.3"]
[White "Sosa Costa, Leonardo"]
[Black "Bolz, Jannis"]
[Result "1-0"]
[ECO "C45"]
[WhiteElo "1945"]
[BlackElo "1618"]
[Annotator "NA"]
[PlyCount "64"]
[EventDate "2019.06.07"]
[EventType "swiss"]
[EventRounds "9"]
[EventCountry "GER"]
[SourceTitle "playchess.com"]
[Source "ChessBase"]
[SourceQuality "1"]
[TimeControl "40/4500+30:900+30"]

1. e4 e5 2. Nf3 Nc6 3. d4 exd4 4. Nxd4 Bc5 5. Nb3 Bb6 6. Nc3 d6 7. Qe2 Nd4 8. Nxd4 Bxd4 9. Qd3 Qf6 10. Be3 Bxe3 11. Qxe3 Ne7 12. Bc4 O-O 13. O-O Bd7 14. Rad1 Qh4 15. Qg3 Qxg3 16. hxg3 Be6 17. Bd5 Rfe8 18. Rfe1 Nxd5 19. exd5 Bf5 20. Nb5 a6 21. Nxc7 Rxe1+ 22. Rxe1 Rc8 23. Re8+ Rxe8 24. Nxe8 Bxc2 25. Nxd6 b5 26. Nb7 Kf8 27. Nc5 a5 28. d6 Bb1 29. a3 Ba2 30. f4 Bc4 31. Kf2 Ke8 32. g4 h6 {[%emt 0:01:09] normal} 1-0

[Event "GER-ch Youth U12 2019"]
[Site "Willingen"]
[Date "2019.06.09"]
[Round "1.4"]
[White "Tomasjan, Samuel"]
[Black "Hagner, Bennet"]
[Result "1-0"]
[ECO "B13"]
[WhiteElo "1476"]
[BlackElo "1900"]
[Annotator "NA"]
[PlyCount "95"]
[EventDate "2019.06.07"]
[EventType "swiss"]
[EventRounds "9"]
[EventCountry "GER"]
[SourceTitle "playchess.com"]
[Source "ChessBase"]
[SourceQuality "1"]
[TimeControl "40/4500+30:900+30"]

1. e4 c6 2. d4 d5 3. exd5 cxd5 4. c4 Nf6 5. Nc3 Nc6 6. Bg5 dxc4 7. d5 Ne5 8. Bxc4 Nxc4 9. Qa4+ Bd7 10. Qxc4 e6 11. Rd1 exd5 12. Nxd5 Bd6 13. Qe2+ Be6 14. Bxf6 gxf6 15. Nxf6+ Qxf6 16. Rxd6 Ke7 17. Rd2 Qg6 18. f4 Rhd8 19. Nf3 Qb1+ 20. Rd1 Rxd1+ 21. Qxd1 Qxa2 22. O-O Qxb2 23. Re1 Rd8 24. Qa4 Rg8 25. Nh4 Qb6+ 26. Kh1 Rg4 27. Nf5+ Kf6 28. Ne3 Rh4 29. Qa1+ Kg6 30. f5+ Kh5 31. Qg7 Qb4 32. Qxh7+ Kg5 33. Qg7+ Kh5 34. g4+ Rxg4 35. Qxg4+ Qxg4 36. Nxg4 Bd5+ 37. Kg1 Kxg4 38. Re5 Bc6 39. f6 a6 40. Re7 Kf5 41. Rxf7 Ke6 42. Rf8 a5 43. Kf2 a4 44. Ke3 b5 45. Rc8 Bd5 46. Kd4 Bc4 47. Rc6+ Kf5 48. Rxc4 {[%emt 0:00:00] normal} 1-0

[Event "GER-ch Youth U12 2019"]
[Site "Willingen"]
[Date "2019.06.09"]
[Round "1.5"]
[White "Foerster-Yialamas, Lucas"]
[Black "Kageler, Anton Paul"]
[Result "1-0"]
[ECO "B76"]
[WhiteElo "1981"]
[BlackElo "1563"]
[Annotator "NA"]
[PlyCount "74"]
[EventDate "2019.06.07"]
[EventType "swiss"]
[EventRounds "9"]
[EventCountry "GER"]
[SourceTitle "playchess.com"]
[Source "ChessBase"]
[SourceQuality "1"]
[TimeControl "40/4500+30:900+30"]

1. e4 c5 2. Nf3 d6 3. d4 cxd4 4. Nxd4 Nf6 5. Nc3 g6 6. f3 Bg7 7. Be3 O-O 8. Qd2 Nc6 9. O-O-O d5 10. exd5 Nxd5 11. Nxd5 Qxd5 12. Nxc6 Qxc6 13. Qb4 Bf5 14. Bd3 Bxd3 15. Rxd3 Rac8 16. Qb3 a5 17. a4 b6 18. Rhd1 Rb8 19. Qb5 Rbc8 20. Qxc6 Rxc6 21. Rd7 Bf6 22. Bh6 Re8 23. R1d3 e6 24. Rb7 Rec8 25. c3 Rc4 26. g3 Bg7 27. Bxg7 Kxg7 28. Rdd7 Rf8 29. Rxb6 Kf6 30. Kb1 Rfc8 31. Rbb7 Rf8 32. Ra7 Rc5 33. Rd4 Rf5 34. Ka2 Rxf3 35. Rxa5 e5 36. Rd2 e4 37. Rad5 e3 {[%emt 0:00:21] normal} 1-0

[Event "GER-ch Youth U12 2019"]
[Site "Willingen"]
[Date "2019.06.09"]
[Round "1.6"]
[White "Schreidl, Michael"]
[Black "Hänselmann, Hendrik"]
[Result "1-0"]
[ECO "B48"]
[WhiteElo "1586"]
[BlackElo "1819"]
[Annotator "NA"]
[PlyCount "37"]
[EventDate "2019.06.07"]
[EventType "swiss"]
[EventRounds "9"]
[EventCountry "GER"]
[SourceTitle "playchess.com"]
[Source "ChessBase"]
[SourceQuality "1"]
[TimeControl "40/4500+30:900+30"]

1. e4 c5 2. Nf3 e6 3. d4 cxd4 4. Nxd4 Nc6 5. Nc3 Qc7 6. Be3 a6 7. Bd3 Nf6 8. O-O Nxd4 9. Bxd4 Bc5 10. Bxc5 Qxc5 11. Qe2 d6 12. Rad1 O-O 13. Kh1 Bd7 14. f4 Bc6 15. Rf3 d5 16. e5 Nd7 17. Rg3 Qe7 18. Bxh7+ Kxh7 19. Qh5+ {[%emt 0:01:13] normal} 1-0

[Event "GER-ch Youth U12 2019"]
[Site "Willingen"]
[Date "2019.06.09"]
[Round "1.7"]
[White "Freude, Max"]
[Black "Krüger, Arthur"]
[Result "1/2-1/2"]
[ECO "A01"]
[WhiteElo "1707"]
[BlackElo "1613"]
[Annotator "NA"]
[PlyCount "74"]
[EventDate "2019.06.07"]
[EventType "swiss"]
[EventRounds "9"]
[EventCountry "GER"]
[SourceTitle "playchess.com"]
[Source "ChessBase"]
[SourceQuality "1"]
[TimeControl "40/4500+30:900+30"]

1. b3 e5 2. Bb2 Nc6 3. e3 Nf6 4. Bb5 e4 5. d4 a6 6. Bxc6 dxc6 7. c4 Bd6 8. Ne2 Bg4 9. c5 Be7 10. Nbc3 O-O 11. Qc2 Bxe2 12. Qxe2 Re8 13. O-O Qd7 14. Rac1 Rad8 15. Rfd1 Qf5 16. a4 a5 17. Rc2 Qe6 18. Qc4 Qg4 19. Rcd2 Nd5 20. Nxd5 Rxd5 21. Qf1 Red8 22. Bc3 b6 23. cxb6 cxb6 24. f3 Qg5 25. f4 Qg4 26. Qe2 Qxe2 27. Rxe2 f5 28. Kf2 Bf6 29. Red2 Kf7 30. Ke2 Ke6 31. Rc1 c5 32. dxc5 Bxc3 33. Rxd5 Rxd5 34. Rxc3 bxc5 35. g3 Kd6 36. Ke1 Ke6 37. Ke2 Kd6 {[%emt 0:03:20] normal} 1/2-1/2

[Event "GER-ch Youth U12 2019"]
[Site "Willingen"]
[Date "2019.06.09"]
[Round "1.8"]
[White "Duong, Quang Bach"]
[Black "Metzdorf, Matteo"]
[Result "0-1"]
[ECO "C09"]
[WhiteElo "1647"]
[BlackElo "1859"]
[Annotator "NA"]
[PlyCount "168"]
[EventDate "2019.06.07"]
[EventType "swiss"]
[EventRounds "9"]
[EventCountry "GER"]
[SourceTitle "playchess.com"]
[Source "ChessBase"]
[SourceQuality "1"]
[TimeControl "40/4500+30:900+30"]

1. e4 e6 2. d4 d5 3. Nd2 c5 4. exd5 exd5 5. Ngf3 Nc6 6. Bb5 Bd6 7. dxc5 Bxc5 8. Nb3 Bb6 9. O-O Nge7 10. h3 O-O 11. Nbd4 Qd6 12. Be3 Bd7 13. Bd3 Nxd4 14. Nxd4 Bc7 15. g3 a6 16. c3 g6 17. Kg2 f5 18. Qf3 Qf6 19. Ne2 Bc6 20. Bd4 Be5 21. Rae1 Bd7 22. Nf4 Bxd4 23. Nxd5 Nxd5 24. Qxd5+ Rf7 25. Qxd4 Bc6+ 26. Kh2 Qxd4 27. cxd4 Rd8 28. Bc4 Bd5 29. Bxd5 Rxd5 30. Re8+ Kg7 31. Rd1 Rfd7 32. Kg2 Kf6 33. Rb8 Ra5 34. a3 Rad5 35. Kf3 Rb5 36. Rd2 Rb3+ 37. Ke2 Re7+ 38. Kd1 Rd7 39. Re8 Rb5 40. Re3 Rbd5 41. Red3 Kf7 42. b4 Ke6 43. Ke2 Kf6 44. f4 Re7+ 45. Kd1 Red7 46. Kc2 Rc7+ 47. Rc3 Rcd7 48. Rc4 Ke6 49. Kc3 b5 50. Rc6+ R7d6 51. Rxd6+ Kxd6 52. Re2 Kd7 53. Re5 Kd6 54. Kd3 Kc6 55. Re7 h6 56. Re6+ Rd6 57. d5+ Kxd5 58. Rxd6+ Kxd6 59. Kd4 g5 60. fxg5 hxg5 61. h4 f4 62. hxg5 fxg3 63. Ke3 Ke5 64. Kf3 Kf5 65. Kxg3 Kxg5 66. Kf3 Kf5 67. Ke3 Ke5 68. Kd3 Kd5 69. Kc3 Ke4 70. Kb3 Kd4 71. a4 Kd3 72. axb5 axb5 73. Kb2 Kc4 74. Ka3 Kc3 75. Ka2 Kxb4 76. Kb2 Kc4 77. Kc2 b4 78. Kb2 b3 79. Kc1 Kc3 80. Kb1 b2 81. Ka2 Kc2 82. Ka3 b1=Q 83. Ka4 Kc3 84. Ka3 Qa1# {[%emt 0:00:35] normal} 0-1

[Event "GER-ch Youth U12 2019"]
[Site "Willingen"]
[Date "2019.06.09"]
[Round "1.9"]
[White "Hecht, Jonas Christian"]
[Black "Hagenbeck-Huebert, Jan"]
[Result "1-0"]
[ECO "A17"]
[WhiteElo "1726"]
[BlackElo "1574"]
[Annotator "NA"]
[PlyCount "46"]
[EventDate "2019.06.07"]
[EventType "swiss"]
[EventRounds "9"]
[EventCountry "GER"]
[SourceTitle "playchess.com"]
[Source "ChessBase"]
[SourceQuality "1"]
[TimeControl "40/4500+30:900+30"]

1. c4 e6 2. Nc3 Nf6 3. g3 d5 4. d4 c6 5. cxd5 exd5 6. Bg2 Bd6 7. Nf3 O-O 8. O-O Re8 9. Qc2 Nbd7 10. a3 Nf8 11. b4 Qb6 12. Na4 Qa6 13. Re1 Ne6 14. e3 b5 15. Nc5 Bxc5 16. dxc5 Qb7 17. Bb2 Ne4 18. Ne5 f6 19. Nf3 N4g5 20. Nh4 Nf7 21. Rad1 Neg5 22. f4 Ne4 23. Rd4 f5 {[%emt 0:01:19] normal} 1-0

[Event "GER-ch Youth U12 2019"]
[Site "Willingen"]
[Date "2019.06.09"]
[Round "1.10"]
[White "Winkler, Yonathan"]
[Black "Kempe, Caius Emilian"]
[Result "1/2-1/2"]
[ECO "B34"]
[WhiteElo "1536"]
[BlackElo "1766"]
[Annotator "NA"]
[PlyCount "72"]
[EventDate "2019.06.07"]
[EventType "swiss"]
[EventRounds "9"]
[EventCountry "GER"]
[SourceTitle "playchess.com"]
[Source "ChessBase"]
[SourceQuality "1"]
[TimeControl "40/4500+30:900+30"]

1. e4 c5 2. Nf3 Nc6 3. d4 cxd4 4. Nxd4 g6 5. Nxc6 bxc6 6. Qd4 Nf6 7. e5 Nd5 8. c4 Nb4 9. Qc3 c5 10. e6 f6 11. a3 Nc6 12. exd7+ Qxd7 13. Bd3 Bg7 14. O-O O-O 15. Be4 f5 16. Bd5+ e6 17. Bxc6 Qxc6 18. Qc2 Bb7 19. f3 Rad8 20. Bd2 Bd4+ 21. Kh1 Rd7 22. Nc3 Rfd8 23. Bg5 Re8 24. Rfe1 a6 25. Rad1 e5 26. Nd5 Rxd5 27. cxd5 Qxd5 28. Be3 Rc8 29. Qf2 f4 30. Bxd4 cxd4 31. Qe2 Re8 32. Qf2 d3 33. Qd2 e4 34. fxe4 Rxe4 35. Rxe4 Qxe4 36. Re1 Qd5 {[%emt 0:00:14] normal} 1/2-1/2

[Event "GER-ch Youth U12 2019"]
[Site "Willingen"]
[Date "2019.06.09"]
[Round "1.11"]
[White "Kluehs, Gustaf"]
[Black "Morczynski, Joachim"]
[Result "1-0"]
[ECO "A49"]
[WhiteElo "1705"]
[BlackElo "1733"]
[Annotator "NA"]
[PlyCount "71"]
[EventDate "2019.06.07"]
[EventType "swiss"]
[EventRounds "9"]
[EventCountry "GER"]
[SourceTitle "playchess.com"]
[Source "ChessBase"]
[SourceQuality "1"]
[TimeControl "40/4500+30:900+30"]

1. d4 Nf6 2. Nf3 g6 3. g3 Bg7 4. Bg2 d6 5. O-O O-O 6. b3 c5 7. e3 cxd4 8. exd4 Bf5 9. Nh4 Bg4 10. Qd2 Nc6 11. Bb2 Rc8 12. h3 Bd7 13. d5 Nb8 14. c4 Na6 15. Nf3 Nc5 16. Nc3 Nfe4 17. Nxe4 Nxe4 18. Qe2 Bxb2 19. Qxb2 Qb6 20. Qd4 Qxd4 21. Nxd4 Nf6 22. Rfe1 Rfe8 23. Rac1 Kf8 24. Kh2 Rc7 25. Rc2 b5 26. Nc6 Bxc6 27. cxb5 Rb7 28. bxc6 Rb5 29. Rd1 Rc8 30. Rc4 e6 31. dxe6 d5 32. Rf4 Ke7 33. exf7 Rxc6 {[%emt 0:02:46] normal} 34. Rxd5 Rxd5 35. Bxd5 {[%emt 0:00:47] normal} Rc8 36. Bc4 1-0

[Event "GER-ch Youth U12 2019"]
[Site "Willingen"]
[Date "2019.06.09"]
[Round "1.13"]
[White "Breitkopf-Lazar, Patrick-Robert"]
[Black "Weyerer, Noah"]
[Result "1-0"]
[ECO "B01"]
[WhiteElo "1659"]
[BlackElo "1320"]
[Annotator "NA"]
[PlyCount "105"]
[EventDate "2019.06.07"]
[EventType "swiss"]
[EventRounds "9"]
[EventCountry "GER"]
[SourceTitle "playchess.com"]
[Source "ChessBase"]
[SourceQuality "1"]
[TimeControl "40/4500+30:900+30"]

1. e4 d5 2. exd5 Qxd5 3. Nc3 Qd6 4. d4 Nf6 5. Nge2 c6 6. Bf4 Qd8 7. Ng3 Be6 8. Qd2 Nbd7 9. Be2 Nb6 10. b3 Nbd5 11. Rd1 Nxc3 12. Qxc3 Nd5 13. Qd2 Nxf4 14. Qxf4 Qa5+ 15. Qd2 Qxd2+ 16. Kxd2 O-O-O 17. Ke3 g6 18. Ne4 Bf5 19. f3 Bg7 20. c3 e5 21. dxe5 Bxe5 22. Ng5 Bxc3 23. Nxf7 Rhe8+ 24. Kf2 Bd4+ 25. Kg3 Rd7 26. Rhe1 Rxf7 27. Rxd4 Rfe7 28. Kf2 Kc7 29. Rdd1 b5 30. g4 Be6 31. Bd3 Bd5 32. Rxe7+ Rxe7 33. Bxb5 Bxf3 34. Kxf3 cxb5 35. Rd2 Kc6 36. Kf4 Kc7 37. Kg5 Re3 38. h4 Re4 39. Rf2 Re7 40. Rf4 Kd6 41. Kf6 Rb7 42. Rd4+ Kc5 43. Re4 a5 44. g5 Rb6+ 45. Kg7 Rb7+ 46. Kg8 Rd7 47. Rf4 b4 48. Rf2 Re7 49. Rf7 Re2 50. Kxh7 Rxa2 51. Kxg6 Rb2 52. h5 Rxb3 53. h6 {[%emt 0:00:00] normal} 1-0

[Event "GER-ch Youth U12 2019"]
[Site "Willingen"]
[Date "2019.06.09"]
[Round "1.14"]
[White "Brunner, Alexander"]
[Black "Fuchs, Florian"]
[Result "0-1"]
[ECO "A45"]
[WhiteElo "1991"]
[BlackElo "2235"]
[Annotator "NA"]
[PlyCount "32"]
[EventDate "2019.06.07"]
[EventType "swiss"]
[EventRounds "9"]
[EventCountry "GER"]
[SourceTitle "playchess.com"]
[Source "ChessBase"]
[SourceQuality "1"]
[TimeControl "40/4500+30:900+30"]

1. d4 Nf6 2. Nc3 d5 3. Bf4 Bf5 4. e3 e6 5. f3 a6 6. g4 Bg6 7. h4 h6 8. Bd3 Bxd3 9. Qxd3 c5 10. Nge2 Nc6 11. Kf2 Be7 12. Ng3 cxd4 13. exd4 Nd7 14. Qe3 Nxd4 15. Qd2 Nc6 16. Be3 {[%emt 0:06:35] normal} d4 {[%emt 0:01:50] normal} 0-1

[Event "GER-ch Youth U12 2019"]
[Site "Willingen"]
[Date "2019.06.09"]
[Round "1.15"]
[White "Guo, Philipp Ziming"]
[Black "Hoettler, Alexander Walter"]
[Result "1-0"]
[ECO "B22"]
[WhiteElo "1674"]
[BlackElo "1802"]
[Annotator "NA"]
[PlyCount "57"]
[EventDate "2019.06.07"]
[EventType "swiss"]
[EventRounds "9"]
[EventCountry "GER"]
[SourceTitle "playchess.com"]
[Source "ChessBase"]
[SourceQuality "1"]
[TimeControl "40/4500+30:900+30"]

1. e4 c5 2. c3 Nf6 3. e5 Nd5 4. d4 cxd4 5. cxd4 e6 6. Nf3 d6 7. Nc3 Nxc3 8. bxc3 Be7 9. Bd3 Nc6 10. Bf4 d5 11. Qc2 h6 12. h3 Bd7 13. Qb2 Rb8 14. O-O g5 15. Be3 Na5 16. Qe2 a6 17. Nd2 b5 18. f4 Nc4 19. f5 Rc8 20. fxe6 Bxe6 21. Nxc4 bxc4 22. Bf5 Qd7 23. Qc2 Bxf5 24. Rxf5 O-O 25. Raf1 Qe6 26. Rf6 Bxf6 27. Rxf6 Qe7 28. Rxh6 f5 29. Rg6+ {[%emt 0:00:43] normal} 1-0

[Event "GER-ch Youth U12 2019"]
[Site "Willingen"]
[Date "2019.06.09"]
[Round "2.1"]
[White "Deuer, Marius"]
[Black "Bungarten, Jona"]
[Result "0-1"]
[ECO "C60"]
[WhiteElo "1961"]
[BlackElo "1642"]
[Annotator "NA"]
[PlyCount "67"]
[EventDate "2019.06.07"]
[EventType "swiss"]
[EventRounds "9"]
[EventCountry "GER"]
[SourceTitle "playchess.com"]
[Source "ChessBase"]
[SourceQuality "1"]
[TimeControl "40/4500+30:900+30"]

1. e4 e5 2. Nf3 Nc6 3. Bb5 Nge7 4. Nc3 g6 5. d4 exd4 6. Nd5 Bg7 7. Bg5 h6 8. Bf6 Bxf6 9. Nxf6+ Kf8 10. Qd2 d6 11. O-O-O a6 12. Be2 Kg7 13. Nd5 Nxd5 14. exd5 Ne5 15. Nxd4 Qf6 16. Rdf1 Re8 17. h3 Nd7 18. h4 Re4 19. Nf3 Ra4 20. Kb1 Nc5 21. Qc3 Qxc3 22. bxc3 Bf5 23. Nd4 Re8 24. Re1 Ne4 25. Kb2 Nxf2 26. Rhf1 Ne4 27. Bd3 Nf6 28. Rxe8 Nxe8 29. Nxf5+ gxf5 30. c4 Nf6 31. Kb3 Ra5 32. Bxf5 b5 33. Bd3 bxc4+ 34. Bxc4 {[%emt 0:00:18] normal} 0-1

[Event "GER-ch Youth U12 2019"]
[Site "Willingen"]
[Date "2019.06.09"]
[Round "2.2"]
[White "von Mettenheim, Johannes"]
[Black "Sosa Costa, Leonardo"]
[Result "0-1"]
[ECO "E90"]
[WhiteElo "1757"]
[BlackElo "1945"]
[Annotator "NA"]
[PlyCount "60"]
[EventDate "2019.06.07"]
[EventType "swiss"]
[EventRounds "9"]
[EventCountry "GER"]
[SourceTitle "playchess.com"]
[Source "ChessBase"]
[SourceQuality "1"]
[TimeControl "40/4500+30:900+30"]

1. d4 Nf6 2. c4 g6 3. Nc3 Bg7 4. e4 d6 5. Nf3 O-O 6. h3 e5 7. d5 a5 8. Be3 Na6 9. Be2 Nd7 10. g4 Ndc5 11. Qc2 c6 12. O-O-O Qe7 13. Rdg1 Nb4 14. Qd1 cxd5 15. Bxc5 dxc5 16. Nxd5 Nxd5 17. cxd5 h6 18. Nd2 Bd7 19. Qb3 Rfb8 20. Bb5 a4 21. Qc4 Qe8 22. Bxd7 Qxd7 23. Kb1 Rc8 24. Qc2 b5 25. Ka1 c4 26. Rc1 Ra7 27. Qc3 Qd6 28. a3 Qb8 29. Nf3 Rb7 30. Qa5 Bf8 {[%emt 0:16:21] normal} 0-1

[Event "GER-ch Youth U12 2019"]
[Site "Willingen"]
[Date "2019.06.09"]
[Round "2.3"]
[White "Zweigait, Leon"]
[Black "Foerster-Yialamas, Lucas"]
[Result "0-1"]
[ECO "A37"]
[WhiteElo "1474"]
[BlackElo "1981"]
[Annotator "NA"]
[PlyCount "36"]
[EventDate "2019.06.07"]
[EventType "swiss"]
[EventRounds "9"]
[EventCountry "GER"]
[SourceTitle "playchess.com"]
[Source "ChessBase"]
[SourceQuality "1"]
[TimeControl "40/4500+30:900+30"]

1. c4 c5 2. g3 Nc6 3. Bg2 g6 4. Nc3 Bg7 5. Nf3 d6 6. a3 e5 7. d3 Nge7 8. b4 e4 9. Nxe4 Bxa1 10. b5 f5 11. Neg5 Bc3+ 12. Kf1 Nd4 13. h4 Nxf3 14. Nxf3 Bf6 15. a4 a6 16. Bd2 axb5 17. cxb5 Be6 18. Bg5 Nd5 {normal} 0-1

[Event "GER-ch Youth U12 2019"]
[Site "Willingen"]
[Date "2019.06.09"]
[Round "2.4"]
[White "Metzdorf, Matteo"]
[Black "Schwartz, Oliver"]
[Result "1/2-1/2"]
[ECO "B39"]
[WhiteElo "1859"]
[BlackElo "1616"]
[Annotator "NA"]
[PlyCount "26"]
[EventDate "2019.06.07"]
[EventType "swiss"]
[EventRounds "9"]
[EventCountry "GER"]
[SourceTitle "playchess.com"]
[Source "ChessBase"]
[SourceQuality "1"]
[TimeControl "40/4500+30:900+30"]

1. e4 c5 2. Nf3 Nc6 3. d4 cxd4 4. Nxd4 g6 5. c4 Bg7 6. Be3 Nf6 7. Nc3 Ng4 8. Qxg4 Nxd4 9. Qd1 e5 10. Nb5 Qb6 11. b4 d6 12. Rb1 O-O 13. Bd3 Be6 {[%emt 0:02:40] normal} 1/2-1/2

[Event "GER-ch Youth U12 2019"]
[Site "Willingen"]
[Date "2019.06.09"]
[Round "2.5"]
[White "Mueller, Maximilian"]
[Black "Hecht, Jonas Christian"]
[Result "1-0"]
[ECO "C42"]
[WhiteElo "1606"]
[BlackElo "1726"]
[Annotator "NA"]
[PlyCount "28"]
[EventDate "2019.06.07"]
[EventType "swiss"]
[EventRounds "9"]
[EventCountry "GER"]
[SourceTitle "playchess.com"]
[Source "ChessBase"]
[SourceQuality "1"]
[TimeControl "40/4500+30:900+30"]

1. e4 e5 2. Nf3 Nf6 3. Nxe5 d6 4. Nf3 Nxe4 5. d4 d5 6. Bd3 Bd6 7. Nbd2 Nxd2 8. Bxd2 h6 9. O-O O-O 10. Ne5 c5 11. c3 Bxe5 12. dxe5 Nc6 13. Qh5 Re8 14. Bf4 Qb6 {[%emt 0:11:47] normal} 1-0

[Event "GER-ch Youth U12 2019"]
[Site "Willingen"]
[Date "2019.06.09"]
[Round "2.6"]
[White "Moeller, Maurin"]
[Black "Kluehs, Gustaf"]
[Result "0-1"]
[ECO "C07"]
[WhiteElo "1686"]
[BlackElo "1705"]
[Annotator "NA"]
[PlyCount "66"]
[EventDate "2019.06.07"]
[EventType "swiss"]
[EventRounds "9"]
[EventCountry "GER"]
[SourceTitle "playchess.com"]
[Source "ChessBase"]
[SourceQuality "1"]
[TimeControl "40/4500+30:900+30"]

1. e4 e6 2. d4 d5 3. Nd2 c5 4. Ngf3 Nc6 5. exd5 Qxd5 6. Bc4 Qd8 7. dxc5 Bxc5 8. O-O Nf6 9. Nb3 Qxd1 10. Rxd1 Bb6 11. Bg5 Ng4 12. Bh4 O-O 13. h3 Nge5 14. Nxe5 Nxe5 15. Be2 Ng6 16. Bg3 e5 17. Bf3 Bf5 18. Bxb7 Rab8 19. Bd5 Bxc2 20. Rd2 Bf5 21. Re1 Rfe8 22. Rde2 Rbd8 23. Bc4 e4 24. a3 h5 25. h4 e3 26. fxe3 Bg4 27. Rc2 Rxe3 28. Rxe3 Bxe3+ 29. Kh2 Rd1 30. Be2 Bg1+ 31. Kh1 Bxe2 32. Rxe2 Bf2+ 33. Kh2 Bxg3+ {[%emt 0:00:04] normal} 0-1

[Event "GER-ch Youth U12 2019"]
[Site "Willingen"]
[Date "2019.06.09"]
[Round "2.7"]
[White "Stork, Christopher"]
[Black "Bock, Marlon"]
[Result "1-0"]
[ECO "B07"]
[WhiteElo "1817"]
[BlackElo "1596"]
[Annotator "NA"]
[PlyCount "105"]
[EventDate "2019.06.07"]
[EventType "swiss"]
[EventRounds "9"]
[EventCountry "GER"]
[SourceTitle "playchess.com"]
[Source "ChessBase"]
[SourceQuality "1"]
[TimeControl "40/4500+30:900+30"]

1. e4 d6 2. d4 Nf6 3. Nc3 e5 4. dxe5 dxe5 5. Qxd8+ Kxd8 6. Bg5 Be6 7. O-O-O+ Kc8 8. Nf3 Bd6 9. Be2 Nbd7 10. Nd2 h6 11. Be3 Nc5 12. f3 Ncd7 13. Nc4 Be7 14. Bf2 Nh5 15. Ne3 Nf4 16. Bc4 Bg5 17. Bxe6 fxe6 18. Kb1 Be7 19. Rd2 Rd8 20. h4 Ng6 21. h5 Nh8 22. Nc4 Bg5 23. Rd3 Nf7 24. Rhd1 a6 25. Na5 Nd6 26. Nb3 b6 27. Na4 Rb8 28. c4 Nxc4 29. Rc3 b5 30. Nac5 Nxc5 31. Rxd8+ Kxd8 32. Nxc5 Ke7 33. Rd3 Nd6 34. Nxa6 Rb7 35. Rc3 Ne8 36. Nc5 Rb8 37. Kc2 Rd8 38. Rd3 Rxd3 39. Nxd3 Bf6 40. Kc3 Nd6 41. b3 c6 42. Kb4 Nb7 43. a4 Kd8 44. axb5 Be7+ 45. Ka4 cxb5+ 46. Kxb5 Bd6 47. Kc6 Kc8 48. b4 Bc7 49. Bb6 Nd8+ 50. Kb5 Bb8 51. Bxd8 Kxd8 52. Kc6 Kc8 53. Nc5 {normal} 1-0

[Event "GER-ch Youth U12 2019"]
[Site "Willingen"]
[Date "2019.06.09"]
[Round "2.8"]
[White "Heinrich, John"]
[Black "Breitkopf-Lazar, Patrick-Robert"]
[Result "1-0"]
[ECO "C72"]
[WhiteElo "1695"]
[BlackElo "1659"]
[Annotator "NA"]
[PlyCount "75"]
[EventDate "2019.06.07"]
[EventType "swiss"]
[EventRounds "9"]
[EventCountry "GER"]
[SourceTitle "playchess.com"]
[Source "ChessBase"]
[SourceQuality "1"]
[TimeControl "40/4500+30:900+30"]

1. e4 e5 2. Nf3 Nc6 3. Bb5 a6 4. Ba4 d6 5. O-O Bd7 6. Re1 Nf6 7. c3 Be7 8. d4 O-O 9. Nbd2 b5 10. Bc2 exd4 11. cxd4 Nb4 12. Bb1 c5 13. a3 Nc6 14. d5 Na5 15. b4 Nb7 16. bxc5 Nxc5 17. Nb3 Nxb3 18. Qxb3 Ng4 19. Bb2 Bf6 20. Bd3 Re8 21. h3 Ne5 22. Nxe5 Bxe5 23. Bxe5 Rxe5 24. f4 Re8 25. e5 dxe5 26. fxe5 Qg5 27. e6 fxe6 28. dxe6 Bc6 29. Bxh7+ Kh8 30. Be4 Rab8 31. Bxc6 Qc5+ 32. Kh1 Qxc6 33. Re5 Qc4 34. Qe3 Rbc8 35. Re1 Re7 36. Qb6 Qc6 37. Qd4 Rce8 38. Qg4 {[%emt 0:01:41] normal} 1-0

[Event "GER-ch Youth U12 2019"]
[Site "Willingen"]
[Date "2019.06.09"]
[Round "2.9"]
[White "Fuchs, Florian"]
[Black "Fuhrmann, Bahne"]
[Result "1-0"]
[ECO "C46"]
[WhiteElo "2235"]
[BlackElo "1659"]
[Annotator "NA"]
[PlyCount "34"]
[EventDate "2019.06.07"]
[EventType "swiss"]
[EventRounds "9"]
[EventCountry "GER"]
[SourceTitle "playchess.com"]
[Source "ChessBase"]
[SourceQuality "1"]
[TimeControl "40/4500+30:900+30"]

1. e4 e5 2. Nf3 Nc6 3. Nc3 Bc5 4. Nxe5 Nxe5 5. d4 Bxd4 6. Qxd4 Qf6 7. Be3 c6 8. Be2 Ng6 9. Qd2 Qe7 10. f4 Qb4 11. O-O-O Nf6 12. a3 Qe7 13. e5 Nxe5 14. fxe5 Qxe5 15. Bf4 Qe6 16. Bd6 Nd5 17. Bc5 b6 {[%emt 0:02:18] normal} 1-0

[Event "GER-ch Youth U12 2019"]
[Site "Willingen"]
[Date "2019.06.09"]
[Round "2.10"]
[White "Gressler, Christian"]
[Black "Guo, Philipp Ziming"]
[Result "0-1"]
[ECO "A08"]
[WhiteElo "1416"]
[BlackElo "1674"]
[Annotator "NA"]
[PlyCount "76"]
[EventDate "2019.06.07"]
[EventType "swiss"]
[EventRounds "9"]
[EventCountry "GER"]
[SourceTitle "playchess.com"]
[Source "ChessBase"]
[SourceQuality "1"]
[TimeControl "40/4500+30:900+30"]

1. e4 c5 2. Nf3 Nc6 3. d3 e6 4. g3 d5 5. Nbd2 Nf6 6. Bg2 Be7 7. O-O O-O 8. Re1 h6 9. Nf1 dxe4 10. dxe4 Qxd1 11. Rxd1 Nxe4 12. Nh4 Nf6 13. Re1 Nd4 14. Ne3 g5 15. Nf3 Nxf3+ 16. Bxf3 Rd8 17. Nf5 Bf8 18. Ne3 Rb8 19. h4 gxh4 20. gxh4 b6 21. Ng4 Nxg4 22. Bxg4 Rd4 23. f3 f5 24. c3 Rd3 25. Bh5 Rb7 26. Kf1 Be7 27. Re2 Rd1+ 28. Re1 Rxe1+ 29. Kxe1 Bxh4+ 30. Ke2 Bg5 31. Bxg5 hxg5 32. Rd1 Rd7 33. Rh1 Ba6+ 34. Ke1 Kg7 35. Rg1 Kf6 36. Be8 Rd3 37. Bc6 Re3+ 38. Kd1 Re2 {[%emt 0:02:27] normal} 0-1